 Dungeon Crawl Stone Soup version 0.30-a0-364-gf6b3ef1049 (webtiles) character file.

Game seed: 1346940219996692657

144 Engwar the Digger (level 5, -3/30 HPs)
             Began as a Gargoyle Earth Elementalist on Nov 16, 2022.
             Slain by an orc
             ... wielding a +0 falchion
              (4 damage)
             ... on level 4 of the Dungeon.
             The game lasted 00:08:01 (3005 turns).

Engwar the Digger (Gargoyle Earth Elementalist)     Turns: 3005, Time: 00:08:01

Health: -3/30      AC:  8    Str: 12    XL:     5   Next: 26%
Magic:  3/9        EV: 12    Int: 17    God:
Gold:   156        SH:  0    Dex: 10    Spells: 3/9 levels left

rFire   . . .      SeeInvis .    f - +1 short sword (elec)
rCold   . . .      Faith    .    (no shield)
rNeg    + . .      Spirit   .    a - +0 robe
rPois   ∞          Reflect  .    j - +0 helmet
rElec   +          Harm     .    e - +0 cloak
rCorr   .          Rampage  .    (no gloves)
Will    .....                    (no boots)
Stlth   ++........               (no amulet)
HPRegen 0.25/turn                (no ring)
MPRegen 0.11/turn                (no ring)

@: no status effects
A: sickness immunity, AC +4, negative energy resistance 1, electricity
resistance, torment resistance 1, petrification resistance
a: no special abilities


You were on level 4 of the Dungeon.
You visited 1 branch of the dungeon, and saw 4 of its levels.

You collected 156 gold pieces.

Inventory:

Hand Weapons
 f - a +1 short sword of electrocution (weapon)
 m - a +0 dagger
Missiles
 k - 38 stones
Armour
 a - a +0 robe (worn)
 e - a +0 cloak (worn)
 j - a +0 helmet (worn)
Wands
 d - a wand of quicksilver (11)
 t - a wand of flame (8)
Scrolls
 c - 2 scrolls of vulnerability
 o - a scroll of teleportation
Potions
 b - 2 potions of magic
 g - a potion of curing
 h - 5 potions of heal wounds
 i - 3 potions of berserk rage
 l - a potion of cancellation {unknown}
 n - a potion of resistance
 p - a potion of invisibility {unknown}
 q - 2 potions of haste


   Skills:
 + Level 1.8 Fighting
 + Level 2.2 Dodging
 - Level 2.1 Stealth
 + Level 2.7 Spellcasting
 + Level 1.3 Conjurations
 - Level 0.7 Transmutations
 * Level 5.2 Earth Magic


You had 3 spell levels left.
You knew the following spells:

 Your Spells              Type           Power      Damage    Failure   Level
a - Sandblast             Erth           40%        2d10      2%          1
b - Stone Arrow           Conj/Erth      26%        3d8       14%         3
c - Passwall              Tmut/Erth      10%        N/A       9%          2

Your spell library contained the following spells:

 Spells                   Type           Power      Damage    Failure   Level
 Petrify                  Tmut/Erth      12%        N/A       47%         4
 Summon Lightning Spire   Summ/Air       2%         N/A       87%         4
 Storm Form               Tmut/Air       1%         N/A       100%        7
 Maxwell's Capacitive Co  Air            1%         ∞         100%        8


Dungeon Overview and Level Annotations

Branches:
Dungeon (4/15)
 Temple: D:4-7

Altars:

Shops:
D:1 [   D:2 [   D:3 :


Innate Abilities, Weirdness & Mutations

You are immune to sickness and miasma.
Your stone body is resilient. (AC +4)
You are immune to poison.
You resist negative energy. (rN+)
You are resistant to electric shocks. (rElec)
You are resistant to unholy torment.
You are immune to petrification.


Message History

The orc priest is severely wounded.
You hear the slow hiss of a distant avalanche of sand.
You hear the slow rusting of a very distant drain.
The orc priest invokes the aid of Beogh against you.
Beogh smites you! The orc closely misses you.
Casting: Sandblast (safe; 2% risk of failure)
Confirm with . or Enter, or press ? or * to list all spells.
Aiming: Sandblast (safe; 2% risk of failure)
Press: ? - help, Shift-Dir - straight line, f/p - orc priest
Aim: an orc priest, wielding a +0 short sword and wearing a +0 leather armour (severely wounded, 83% to hit)
The blast of sand hits the orc priest but does no damage.
The orc priest is severely wounded.
The orc priest calls down the wrath of Beogh upon you.
Beogh smites you!
* * * LOW HITPOINT WARNING * * *
The orc misses you. x2; The orc closely misses you.
The orc hits you but does no damage.
The orc priest miscasts a cantrip.
Casting: Sandblast (safe; 2% risk of failure)
Confirm with . or Enter, or press ? or * to list all spells.
Aiming: Sandblast (safe; 2% risk of failure)
Press: ? - help, Shift-Dir - straight line, f/p - orc priest
Aim: an orc priest, wielding a +0 short sword and wearing a +0 leather armour (severely wounded, 83% to hit)
The blast of sand misses the orc.
The blast of sand hits the orc priest but does no damage.
The orc priest is severely wounded.
The orc closely misses you.
Casting: Sandblast (safe; 2% risk of failure)
Confirm with . or Enter, or press ? or * to list all spells.
Aiming: Sandblast (safe; 2% risk of failure)
Press: ? - help, Shift-Dir - straight line, f/p - orc priest
Aim: an orc priest, wielding a +0 short sword and wearing a +0 leather armour (severely wounded, 83% to hit)
The blast of sand misses the orc priest.
The orc hits you from afar with a +0 trident.
* * * LOW HITPOINT WARNING * * *
The orc closely misses you. The orc barely misses you.
The goblin barely misses you. The orc hits you but does no damage. x3
The orc priest barely misses you. The orc hits you with a +0 falchion.
You die...

......... .........
.......# ###......##
.........## ....
...o......
..?..##go......#
.....#o.o.....###.
.......@...##.....
......#......#.....
......##....#......
...##.#............
#....##...........
###................
.....[........#......
.....##......#......
#. #..............


You could see an orc priest, 3 orcs and a goblin.

Vanquished Creatures
  Crazy Yiuf (D:3)
  2 adders
  A gnoll (D:1)
  2 dart slugs
  8 orcs
  6 ball pythons
  8 bats
  7 endoplasms
  2 giant cockroaches
  11 hobgoblins
  4 jackals (D:1)
  2 quokkas (D:1)
  2 frilled lizards
  6 goblins
  5 kobolds
  5 rats
72 creatures vanquished.

Notes
Turn   | Place    | Note
-------+----------+-------------------------------------------
     0 | D:1      | Engwar the Gargoyle Earth Elementalist began the quest for
                  | the Orb.
     0 | D:1      | Reached XP level 1. HP: 10/10 MP: 3/3
   201 | D:1      | Reached skill level 4 in Earth Magic
   201 | D:1      | Reached XP level 2. HP: 3/16 MP: 0/5
   284 | D:1      | Reached skill level 1 in Fighting
   535 | D:1      | Reached XP level 3. HP: 20/20 MP: 4/6
   687 | D:1      | Learned a level 3 spell: Stone Arrow
   695 | D:1      | Learned a level 2 spell: Passwall
   863 | D:1      | Found Huunwuux's Armour Emporium.
  1229 | D:2      | Found Jusmekeb's Antique Armour Emporium.
  1559 | D:2      | Reached XP level 4. HP: 25/25 MP: 1/7
  2237 | D:3      | Found Duomiett's Book Shop.
  2408 | D:3      | Reached skill level 1 in Conjurations
  2598 | D:3      | Reached skill level 5 in Earth Magic
  2778 | D:3      | Found a runed translucent door.
  2779 | D:3      | Noticed Crazy Yiuf
  2786 | D:3      | Killed Crazy Yiuf
  2787 | D:3      | Reached XP level 5. HP: 23/30 MP: 3/9
  3004 | D:4      | HP: 1/30 [orc/+0 trident (4)]
  3005 | D:4      | Slain by an orc

Illustrated notes

Levels and vault maps discovered:
D:1:      lordsloth_arrival_two_stooges, layout_loops_corners, serial_shops,
          nicolae_shop_stone, st_stairs_13, minmay_pentomino_v4
D:2:      layout_basic, serial_shops, nicolae_square_shop
D:3:      layout_loops_ring, serial_shops,
          nicolae_shop_competitors_out_of_business, uniq_crazy_yiuf_cottage
D:4:      layout_cave_pools, nicolae_ossuary_entry_giza,
          cheibrodos_sewer_entry_bend, uniq_menkaure

Skill      XL: |  1  2  3  4 |
---------------+-------------+-----
Earth Magic    | 4 5 |  5.2
Fighting       | 1 |  1.8
Dodging        | 2 |  2.2
Conjurations   | 1 |  1.3
Stealth        | |  2.1
Spellcasting   | |  2.7
Transmutations | |  0.7

Action                   |  1- 3 |  4- 6 || total
-------------------------+-------+-------++-------
Melee: Unarmed           |    27 |       ||    27
       Short sword       |    10 |    31 ||    41
       Punch             |     1 |       ||     1
 Cast: Sandblast         |    55 |    38 ||    93
  Use: Scroll            |     7 |     5 ||    12
 Stab: Sleeping          |       |     4 ||     4
Armor: Robe              |    32 |    21 ||    53
Dodge: Dodged            |    60 |    38 ||    98

Table legend: (Time is in decaauts)
 A = Elapsed time spent in this place.
 B = Non-inter-level travel time spent in this place.
 C = Inter-level travel time spent in this place.
 D = Time resting spent in this place.
 E = Time spent auto-exploring this place.
 F = Levels seen in this place.
 G = Mean time per level.
                   A        B        C        D        E       F      G
               +--------+--------+--------+--------+--------+-----+--------+
         Total |   3051 |   2983 |     68 |    103 |   2332 |   4 |  762.8 |
       Dungeon |   3051 |   2983 |     68 |    103 |   2332 |   4 |  762.8 |
               +--------+--------+--------+--------+--------+-----+--------+

Top non-repeatable levels by time:
     D:1: 1188 daAuts
     D:3: 946 daAuts
     D:2: 821 daAuts
     D:4: 95 daAuts
